[ AOE2 MATCH · #475495582 ]
UnrankedFranks vs Aztecs
[ REPLAY ANALYSIS · EXTRACTED FROM THE RECORDED GAME ]
Feudal
9:11
Castle
22:11
Imperial
—
| APM avg | 49.0 |
| APM peak | 95 |
| eAPM avg | 20.1 |
| Villagers / military | 116 / 71 |
Focus
⚔️ 32.1% · 🌾 67.9%
Knight ×57 · Scout Cavalry ×14
Feudal
10:42
Castle
25:54
Imperial
—
| APM avg | 52.4 |
| APM peak | 88 |
| eAPM avg | 20.8 |
| Villagers / military | 46 / 75 |
Focus
⚔️ 28.8% · 🌾 71.2%
Archer ×68 · Mangonel ×5 · Scorpion ×1 · Skirmisher ×1
Feudal
9:29
Castle
25:01
Imperial
—
| APM avg | 28.1 |
| APM peak | 57 |
| eAPM avg | 14.3 |
| Villagers / military | 69 / 79 |
Focus
⚔️ 33.4% · 🌾 66.6%
Archer ×59 · Skirmisher ×18 · Monk ×1 · Scorpion ×1
Feudal
9:40
Castle
24:40
Imperial
34:03
| APM avg | 26.7 |
| APM peak | 54 |
| eAPM avg | 13.4 |
| Villagers / military | 58 / 71 |
Focus
⚔️ 29.6% · 🌾 70.4%
Archer ×71
Feudal
9:05
Castle
28:17
Imperial
—
| APM avg | 70.4 |
| APM peak | 157 |
| eAPM avg | 24.5 |
| Villagers / military | 105 / 103 |
Focus
⚔️ 48.7% · 🌾 51.3%
Scout Cavalry ×59 · Camel Scout ×37 · Knight ×5 · Spearman ×2
Feudal
9:33
Castle
22:05
Imperial
33:47
| APM avg | 39.6 |
| APM peak | 76 |
| eAPM avg | 16.5 |
| Villagers / military | 76 / 76 |
Focus
⚔️ 30.7% · 🌾 69.3%
Archer ×53 · Organ Gun ×20 · Battering Ram ×2 · Monk ×1
Match map
Initial resources + every placement click. Lines = walls · curves = elevation contours. ◆ gold · ⬟ stone · ● berries · ✦ relic · ◌ wall gap
Your base· ✓ Closed at 22:11 · 71t walls · no gate
gatoloco's base· Open — 8t gap
Heeda's base· ✓ Closed at 25:01 · 43t walls · 1 gate(s)
_CH_MAC's base· ✓ Closed at 24:40 · 33t walls · no gate
DS_Uruguayo's base· Open — 4t gap
_CH_topgunner's base· ✓ Closed at 22:05 · 43t walls · no gate
Smoothed initial terrain · ◌ = detected wall gap · hover for details
Inputs per minute
— Altamar - - gatoloco
Build order — Altamar
First 150 of 329 actions detected
| 0:00 | Create | Villager (Male) |
| 0:01 | Create | Villager (Male) |
| 0:01 | Create | Villager (Male) |
| 0:01 | Create | Villager (Male) |
| 0:02 | Build | House |
| 0:03 | Build | House |
| 1:22 | Create | Villager (Male) |
| 1:44 | Build | Lumber Camp |
| 1:54 | Create | Villager (Male) |
| 1:54 | Create | Villager (Male) |
| 2:16 | Create | Villager (Male) |
| 2:16 | Create | Villager (Male) |
| 2:43 | Create | Villager (Male) |
| 3:11 | Create | Villager (Male) |
| 3:28 | Build | House |
| 3:30 | Build | House |
| 3:34 | Create | Villager (Male) |
| 3:50 | Create | Villager (Male) |
| 4:20 | Build | Mill |
| 4:25 | Create | Villager (Male) |
| 4:25 | Create | Villager (Male) |
| 4:48 | Create | Villager (Male) |
| 4:58 | Create | Villager (Male) |
| 4:59 | Research | Loom |
| 5:12 | Research | Loom |
| 5:19 | Create | Villager (Male) |
| 5:19 | Research | Loom |
| 6:51 | Research | Feudal Age |
| 7:11 | Build | Lumber Camp |
| 8:06 | Build | Barracks |
| 8:08 | Build | House |
| 8:09 | Build | House |
| 8:27 | Create | Villager (Male) |
| 9:11 | Age | Feudal Age |
| 9:16 | Build | Stable |
| 9:20 | Build | House |
| 9:29 | Build | Palisade Gate |
| 9:32 | Build | Palisade Wall |
| 9:35 | Create | Villager (Male) |
| 9:36 | Research | Double-Bit Axe |
| 10:02 | Build | House |
| 10:05 | Create | Scout Cavalry |
| 10:05 | Create | Scout Cavalry |
| 10:13 | Create | Villager (Male) |
| 10:16 | Build | Farm |
| 10:21 | Create | Villager (Male) |
| 10:39 | Build | Farm |
| 10:40 | Build | Farm |
| 10:43 | Build | Farm |
| 10:45 | Build | Farm |
| 10:46 | Build | Farm |
| 10:51 | Create | Scout Cavalry |
| 10:52 | Create | Villager (Male) |
| 11:01 | Build | House |
| 11:02 | Build | Palisade Wall |
| 11:12 | Build | Farm |
| 11:25 | Build | Palisade Wall |
| 11:26 | Build | Palisade Wall |
| 11:30 | Create | Villager (Male) |
| 11:33 | Create | Villager (Male) |
| 11:36 | Build | Farm |
| 11:41 | Create | Villager (Male) |
| 11:51 | Build | Farm |
| 11:55 | Create | Scout Cavalry |
| 12:02 | Build | Palisade Wall |
| 12:06 | Build | Palisade Wall |
| 12:13 | Create | Villager (Male) |
| 12:20 | Build | Farm |
| 12:22 | Create | Villager (Male) |
| 12:42 | Create | Scout Cavalry |
| 12:54 | Build | House |
| 12:59 | Build | Palisade Wall |
| 13:00 | Build | Palisade Wall |
| 13:03 | Create | Villager (Male) |
| 13:05 | Build | Farm |
| 13:13 | Create | Scout Cavalry |
| 13:16 | Build | Farm |
| 13:51 | Create | Villager (Male) |
| 13:55 | Create | Scout Cavalry |
| 13:59 | Build | Farm |
| 14:01 | Create | Villager (Male) |
| 14:09 | Build | Farm |
| 14:13 | Create | Scout Cavalry |
| 14:40 | Create | Villager (Male) |
| 14:43 | Build | House |
| 14:44 | Build | House |
| 14:51 | Build | House |
| 14:52 | Build | House |
| 14:58 | Build | Farm |
| 14:58 | Build | Farm |
| 14:58 | Build | Farm |
| 14:59 | Build | Farm |
| 15:06 | Research | Wheelbarrow |
| 15:12 | Create | Scout Cavalry |
| 15:18 | Build | House |
| 15:21 | Build | House |
| 15:22 | Build | House |
| 15:29 | Create | Villager (Male) |
| 15:35 | Build | Farm |
| 15:39 | Create | Villager (Male) |
| 16:03 | Build | House |
| 16:05 | Build | Farm |
| 16:29 | Build | Mining Camp |
| 16:30 | Create | Villager (Male) |
| 16:39 | Build | House |
| 16:40 | Build | House |
| 16:44 | Build | House |
| 16:51 | Build | Farm |
| 17:06 | Create | Villager (Male) |
| 17:08 | Create | Villager (Male) |
| 17:45 | Build | House |
| 17:46 | Build | House |
| 18:05 | Create | Villager (Male) |
| 18:20 | Build | Market |
| 18:40 | Create | Scout Cavalry |
| 18:53 | Create | Villager (Male) |
| 18:55 | Create | Scout Cavalry |
| 18:55 | Create | Scout Cavalry |
| 19:31 | Research | Castle Age |
| 19:51 | Build | Stable |
| 19:55 | Build | Blacksmith |
| 19:56 | Build | Palisade Wall |
| 20:06 | Create | Scout Cavalry |
| 20:06 | Create | Scout Cavalry |
| 20:31 | Research | Gold Mining |
| 20:45 | Build | House |
| 20:52 | Research | Scale Barding Armor |
| 20:52 | Research | Scale Barding Armor |
| 20:53 | Research | Forging |
| 21:32 | Build | House |
| 21:45 | Create | Villager (Male) |
| 22:11 | Age | Castle Age |
| 22:13 | Create | Knight |
| 22:13 | Create | Knight |
| 22:14 | Create | Knight |
| 22:17 | Research | Chain Barding Armor |
| 22:22 | Build | House |
| 22:24 | Research | Bow Saw |
| 22:24 | Research | Bow Saw |
| 22:31 | Build | Town Center |
| 22:33 | Research | Bow Saw |
| 22:38 | Create | Knight |
| 22:38 | Create | Knight |
| 22:39 | Create | Villager (Male) |
| 22:40 | Build | Farm |
| 22:50 | Create | Knight ×2 |
| 22:51 | Create | Villager (Male) |
| 22:51 | Create | Villager (Male) |
| 23:12 | Create | Villager (Male) |
| 23:31 | Build | Palisade Wall |
Build order — gatoloco
First 150 of 172 actions detected
| 0:01 | Create | Villager (Male) |
| 0:01 | Create | Villager (Male) |
| 0:01 | Create | Villager (Male) |
| 0:02 | Build | House |
| 0:04 | Build | House |
| 0:25 | Create | Villager (Male) |
| 1:28 | Create | Villager (Male) |
| 1:51 | Build | Lumber Camp |
| 2:08 | Create | Villager (Male) |
| 2:09 | Create | Villager (Male) |
| 2:29 | Create | Villager (Male) |
| 2:29 | Create | Villager (Male) |
| 2:56 | Build | House |
| 3:31 | Create | Villager (Male) |
| 3:31 | Create | Villager (Male) |
| 4:16 | Create | Villager (Male) |
| 4:16 | Create | Villager (Male) |
| 4:45 | Create | Villager (Male) |
| 4:45 | Create | Villager (Male) |
| 5:12 | Create | Villager (Male) |
| 5:26 | Create | Villager (Male) |
| 6:15 | Build | Mill |
| 6:17 | Create | Villager (Male) |
| 7:07 | Create | Villager (Male) |
| 7:09 | Research | Loom |
| 7:21 | Build | Mining Camp |
| 8:32 | Research | Feudal Age |
| 8:45 | Build | Barracks |
| 9:17 | Build | Palisade Wall |
| 9:18 | Build | Palisade Wall |
| 9:19 | Build | Palisade Wall |
| 9:23 | Build | Palisade Wall |
| 9:25 | Build | Palisade Wall |
| 9:27 | Build | Palisade Wall |
| 9:28 | Build | Palisade Wall |
| 9:29 | Build | Palisade Wall |
| 9:53 | Build | House |
| 10:29 | Build | Palisade Wall |
| 10:39 | Build | Palisade Wall |
| 10:42 | Age | Feudal Age |
| 10:49 | Build | Archery Range |
| 10:54 | Build | Archery Range |
| 10:59 | Create | Villager (Male) |
| 11:12 | Create | Villager (Male) |
| 11:27 | Create | Villager (Male) |
| 11:31 | Research | Double-Bit Axe |
| 11:40 | Create | Archer |
| 11:40 | Create | Archer |
| 11:43 | Create | Archer |
| 11:43 | Create | Archer |
| 12:08 | Build | House |
| 12:09 | Build | Palisade Wall |
| 12:12 | Build | House |
| 12:23 | Build | House |
| 12:34 | Create | Villager (Male) |
| 12:56 | Build | Palisade Wall |
| 13:05 | Build | Palisade Wall |
| 13:10 | Create | Villager (Male) |
| 13:20 | Build | Blacksmith |
| 13:25 | Create | Archer ×2 |
| 13:26 | Create | Archer ×2 |
| 13:26 | Create | Archer ×2 |
| 13:38 | Build | House |
| 13:39 | Build | Palisade Wall |
| 13:41 | Create | Villager (Male) |
| 13:48 | Build | Farm |
| 14:07 | Create | Villager (Male) |
| 14:32 | Research | Fletching |
| 14:42 | Build | Palisade Wall |
| 14:47 | Build | Farm |
| 14:47 | Build | Farm |
| 14:48 | Build | Farm |
| 14:51 | Create | Archer ×4 |
| 14:51 | Create | Archer ×4 |
| 14:51 | Create | Archer ×4 |
| 14:58 | Build | Palisade Wall |
| 15:29 | Build | Palisade Wall |
| 15:31 | Build | Palisade Wall |
| 15:42 | Build | Palisade Wall |
| 15:43 | Build | Palisade Wall |
| 15:46 | Build | Palisade Wall |
| 16:03 | Create | Villager (Male) |
| 16:12 | Build | House |
| 16:15 | Build | Palisade Wall |
| 16:17 | Build | Palisade Wall |
| 16:26 | Create | Villager (Male) |
| 16:42 | Create | Villager (Male) |
| 17:00 | Build | Watch Tower |
| 17:06 | Create | Archer ×4 |
| 17:07 | Create | Archer ×4 |
| 17:07 | Create | Archer ×4 |
| 17:25 | Build | Farm |
| 17:25 | Build | Farm |
| 17:27 | Create | Villager (Male) |
| 17:27 | Create | Villager (Male) |
| 17:44 | Build | House |
| 18:01 | Build | Farm |
| 18:13 | Build | House |
| 18:15 | Build | Palisade Wall |
| 18:20 | Build | Farm |
| 18:21 | Build | Farm |
| 18:21 | Build | Farm |
| 18:22 | Create | Villager (Male) |
| 18:37 | Create | Villager (Male) |
| 18:46 | Build | Farm |
| 18:49 | Build | Farm |
| 18:52 | Build | House |
| 19:28 | Create | Villager (Male) |
| 19:44 | Build | Lumber Camp |
| 19:56 | Build | House |
| 20:07 | Build | House |
| 20:10 | Build | Palisade Wall |
| 20:36 | Build | Lumber Camp |
| 21:16 | Build | Farm |
| 21:48 | Build | Farm |
| 22:02 | Create | Villager (Male) |
| 22:18 | Create | Archer ×5 |
| 22:38 | Build | House |
| 22:40 | Build | Palisade Wall |
| 23:14 | Research | Castle Age |
| 23:23 | Build | House |
| 23:37 | Create | Archer ×2 |
| 23:37 | Create | Archer ×2 |
| 23:38 | Create | Archer ×2 |
| 24:13 | Research | Padded Archer Armor |
| 24:57 | Create | Archer ×5 |
| 24:58 | Create | Archer ×5 |
| 25:54 | Age | Castle Age |
| 25:57 | Research | Crossbowman (upgrade) |
| 26:13 | Create | Archer |
| 26:14 | Create | Archer |
| 26:50 | Build | Siege Workshop |
| 26:56 | Create | Villager (Male) |
| 26:56 | Create | Villager (Male) |
| 27:12 | Create | Villager (Male) |
| 27:47 | Create | Archer |
| 27:47 | Create | Archer |
| 27:47 | Create | Archer |
| 27:50 | Create | Villager (Male) |
| 27:51 | Build | Farm |
| 27:52 | Build | Farm |
| 27:52 | Build | Farm |
| 28:07 | Create | Villager (Male) |
| 28:14 | Build | Mining Camp |
| 28:17 | Create | Villager (Male) |
| 28:22 | Create | Scorpion |
| 28:38 | Create | Archer ×2 |
| 28:38 | Create | Archer ×2 |
| 28:43 | Create | Skirmisher |
| 28:46 | Create | Archer |
Build order — Heeda
First 150 of 230 actions detected
| 0:01 | Create | Villager (Male) |
| 0:02 | Create | Villager (Male) |
| 0:03 | Build | House |
| 0:04 | Build | House |
| 0:12 | Create | Villager (Male) |
| 0:12 | Create | Villager (Male) |
| 0:13 | Create | Villager (Male) |
| 0:13 | Create | Villager (Male) |
| 1:44 | Create | Villager (Male) |
| 1:44 | Create | Villager (Male) |
| 1:44 | Create | Villager (Male) |
| 2:09 | Create | Villager (Male) |
| 2:29 | Create | Villager (Male) |
| 2:30 | Create | Villager (Male) |
| 2:34 | Create | Villager (Male) |
| 2:47 | Build | Mill |
| 3:04 | Create | Villager (Male) |
| 3:30 | Build | House |
| 3:31 | Build | House |
| 3:47 | Create | Villager (Male) |
| 4:20 | Create | Villager (Male) |
| 4:20 | Create | Villager (Male) |
| 4:20 | Create | Villager (Male) |
| 4:20 | Create | Villager (Male) |
| 4:57 | Create | Villager (Male) |
| 5:56 | Create | Villager (Male) |
| 6:07 | Create | Villager (Male) |
| 6:07 | Research | Loom |
| 6:33 | Build | Lumber Camp |
| 6:54 | Research | Loom |
| 7:12 | Research | Feudal Age |
| 7:55 | Build | Barracks |
| 7:58 | Build | House |
| 8:02 | Build | Palisade Wall |
| 8:10 | Create | Villager (Male) |
| 8:47 | Build | Palisade Wall |
| 9:28 | Create | Villager (Male) |
| 9:29 | Age | Feudal Age |
| 9:36 | Build | Archery Range |
| 9:47 | Build | Archery Range |
| 10:12 | Create | Villager (Male) |
| 10:34 | Create | Archer |
| 10:48 | Create | Villager (Male) |
| 10:49 | Create | Villager (Male) |
| 10:54 | Build | Mining Camp |
| 11:26 | Create | Villager (Male) |
| 11:33 | Build | Mill |
| 11:55 | Research | Double-Bit Axe |
| 12:04 | Create | Archer |
| 12:04 | Create | Archer |
| 12:04 | Create | Archer |
| 12:04 | Create | Archer |
| 12:21 | Build | House |
| 12:30 | Build | House |
| 12:40 | Create | Villager (Male) |
| 12:41 | Create | Archer |
| 12:41 | Create | Archer |
| 12:54 | Create | Archer |
| 12:54 | Create | Archer |
| 13:26 | Create | Villager (Male) |
| 13:27 | Create | Villager (Male) |
| 13:31 | Create | Archer |
| 13:31 | Create | Archer |
| 13:31 | Create | Archer |
| 13:56 | Create | Archer |
| 13:56 | Create | Archer |
| 14:00 | Build | House |
| 14:09 | Build | Blacksmith |
| 14:34 | Create | Villager (Male) |
| 15:04 | Build | Watch Tower |
| 15:20 | Create | Archer |
| 15:20 | Create | Archer |
| 15:21 | Create | Archer |
| 15:21 | Create | Archer |
| 15:23 | Build | House |
| 15:28 | Build | Palisade Wall |
| 15:36 | Build | Farm |
| 15:37 | Build | Farm |
| 15:42 | Build | Farm |
| 15:44 | Build | Farm |
| 15:51 | Create | Villager (Male) |
| 16:06 | Build | Farm |
| 16:16 | Build | Farm |
| 16:27 | Create | Villager (Male) |
| 16:34 | Create | Villager (Male) |
| 16:45 | Create | Villager (Male) |
| 17:07 | Build | Market |
| 17:10 | Build | Farm |
| 17:12 | Create | Villager (Male) |
| 17:17 | Create | Skirmisher |
| 17:17 | Create | Skirmisher |
| 17:27 | Create | Villager (Male) |
| 17:32 | Create | Villager (Male) |
| 17:32 | Create | Villager (Male) |
| 17:32 | Create | Villager (Male) |
| 17:32 | Create | Villager (Male) |
| 17:34 | Build | Farm |
| 17:37 | Build | Farm |
| 17:44 | Build | Farm |
| 17:51 | Create | Villager (Male) |
| 18:04 | Create | Skirmisher |
| 18:04 | Create | Skirmisher |
| 18:11 | Build | Farm |
| 18:28 | Build | Farm |
| 18:33 | Build | Farm |
| 18:41 | Create | Archer |
| 18:41 | Create | Archer |
| 19:03 | Build | Farm |
| 19:06 | Create | Villager (Male) |
| 19:09 | Build | Farm |
| 19:28 | Create | Skirmisher |
| 19:28 | Create | Skirmisher |
| 19:39 | Build | House |
| 19:42 | Build | House |
| 19:57 | Research | Fletching |
| 20:11 | Research | Padded Archer Armor |
| 20:15 | Create | Skirmisher |
| 20:16 | Create | Skirmisher |
| 20:16 | Create | Skirmisher |
| 20:16 | Create | Skirmisher |
| 20:28 | Create | Villager (Male) |
| 20:32 | Build | Farm |
| 21:12 | Create | Villager (Male) |
| 21:17 | Build | House |
| 21:22 | Build | Palisade Wall |
| 21:24 | Build | Palisade Gate |
| 21:28 | Build | Palisade Wall |
| 21:35 | Create | Villager (Male) |
| 21:41 | Build | Lumber Camp |
| 22:18 | Create | Villager (Male) |
| 22:21 | Research | Castle Age |
| 22:58 | Create | Archer |
| 22:58 | Create | Archer |
| 22:58 | Create | Archer |
| 22:59 | Create | Archer |
| 22:59 | Create | Archer |
| 23:02 | Research | Gold Mining |
| 23:04 | Research | Horse Collar |
| 23:26 | Create | Archer |
| 23:26 | Create | Archer |
| 23:26 | Create | Archer |
| 24:19 | Build | Farm |
| 24:41 | Create | Villager (Male) |
| 24:49 | Build | Stone Wall |
| 24:53 | Build | House |
| 25:00 | Build | House |
| 25:01 | Age | Castle Age |
| 25:09 | Research | Crossbowman (upgrade) |
| 25:10 | Research | Bodkin Arrow |
| 25:12 | Research | Leather Archer Armor |
Build order — _CH_MAC
First 150 of 199 actions detected
| 0:00 | Create | Villager (Male) |
| 0:01 | Create | Villager (Male) |
| 0:01 | Create | Villager (Male) |
| 0:02 | Build | House |
| 0:04 | Build | House |
| 0:14 | Create | Villager (Male) |
| 1:34 | Create | Villager (Male) |
| 1:46 | Create | Villager (Male) |
| 2:01 | Build | Lumber Camp |
| 2:21 | Create | Villager (Male) |
| 2:51 | Create | Villager (Male) |
| 3:19 | Create | Villager (Male) |
| 3:20 | Create | Villager (Male) |
| 3:50 | Build | House |
| 4:08 | Build | Mill |
| 4:13 | Create | Villager (Male) |
| 4:15 | Create | Villager (Male) |
| 4:16 | Create | Villager (Male) |
| 4:40 | Create | Villager (Male) |
| 5:01 | Build | House |
| 5:24 | Create | Villager (Male) |
| 5:51 | Create | Villager (Male) |
| 6:13 | Create | Villager (Male) |
| 6:13 | Create | Villager (Male) |
| 6:43 | Research | Loom |
| 6:58 | Build | Lumber Camp |
| 7:30 | Research | Feudal Age |
| 7:36 | Build | Barracks |
| 8:17 | Build | Mining Camp |
| 8:21 | Create | Villager (Male) |
| 8:27 | Create | Villager (Male) |
| 8:49 | Build | House |
| 9:40 | Age | Feudal Age |
| 9:42 | Build | Archery Range |
| 9:44 | Research | Double-Bit Axe |
| 10:19 | Build | Archery Range |
| 10:22 | Build | House |
| 10:46 | Create | Archer |
| 10:54 | Create | Villager (Male) |
| 10:54 | Create | Villager (Male) |
| 11:01 | Build | Blacksmith |
| 11:25 | Create | Villager (Male) |
| 11:25 | Create | Villager (Male) |
| 11:26 | Create | Archer |
| 11:26 | Create | Archer |
| 11:28 | Create | Archer |
| 11:33 | Create | Archer |
| 11:42 | Build | Palisade Wall |
| 11:53 | Build | House |
| 11:55 | Build | House |
| 11:56 | Build | House |
| 11:59 | Create | Villager (Male) |
| 12:10 | Research | Fletching |
| 12:20 | Create | Archer |
| 12:30 | Build | Farm |
| 12:31 | Build | Farm |
| 12:38 | Create | Archer |
| 12:53 | Build | Palisade Wall |
| 12:58 | Build | Palisade Wall |
| 12:59 | Create | Villager (Male) |
| 13:00 | Create | Archer |
| 13:50 | Create | Archer |
| 13:50 | Create | Archer |
| 13:50 | Create | Archer |
| 13:50 | Create | Archer |
| 13:51 | Create | Villager (Male) |
| 13:55 | Build | Farm |
| 14:16 | Create | Archer ×2 |
| 14:17 | Create | Villager (Male) |
| 14:36 | Build | Farm |
| 14:43 | Create | Archer |
| 14:46 | Create | Villager (Male) |
| 14:52 | Build | Farm |
| 15:14 | Create | Archer |
| 15:14 | Create | Archer |
| 15:15 | Create | Villager (Male) |
| 15:21 | Build | House |
| 15:23 | Build | House |
| 15:24 | Build | House |
| 15:59 | Create | Villager (Male) |
| 16:00 | Create | Villager (Male) |
| 16:02 | Build | Farm |
| 16:05 | Build | Farm |
| 16:14 | Create | Villager (Male) |
| 16:15 | Create | Archer |
| 16:15 | Create | Archer |
| 16:15 | Create | Archer |
| 16:16 | Create | Archer |
| 16:16 | Create | Archer |
| 16:59 | Create | Villager (Male) |
| 17:00 | Create | Archer |
| 17:00 | Create | Archer |
| 17:22 | Create | Archer |
| 17:22 | Create | Archer |
| 17:30 | Create | Villager (Male) |
| 17:49 | Create | Villager (Male) |
| 17:52 | Build | Farm |
| 17:54 | Build | Farm |
| 17:57 | Build | Farm |
| 18:02 | Build | House |
| 18:04 | Build | Palisade Wall |
| 18:22 | Create | Archer ×3 |
| 18:25 | Build | Farm |
| 18:25 | Build | Farm |
| 18:25 | Build | Farm |
| 18:25 | Build | Farm |
| 18:40 | Build | Farm |
| 18:40 | Build | Farm |
| 18:55 | Build | House |
| 19:05 | Create | Archer |
| 19:06 | Create | Archer |
| 19:07 | Create | Villager (Male) |
| 19:07 | Create | Villager (Male) |
| 19:30 | Create | Villager (Male) |
| 20:14 | Create | Archer |
| 20:14 | Create | Archer |
| 20:16 | Create | Villager (Male) |
| 20:16 | Research | Wheelbarrow |
| 20:16 | Create | Villager (Male) |
| 20:19 | Build | Farm |
| 20:22 | Build | Farm |
| 20:25 | Create | Archer |
| 20:25 | Create | Archer |
| 20:37 | Build | Farm |
| 20:40 | Create | Archer |
| 20:41 | Create | Villager (Male) |
| 21:30 | Create | Archer |
| 21:30 | Create | Archer |
| 21:49 | Research | Castle Age |
| 22:07 | Create | Archer |
| 22:09 | Create | Villager (Male) |
| 22:12 | Research | Padded Archer Armor |
| 22:22 | Create | Archer |
| 22:28 | Build | House |
| 22:29 | Build | House |
| 22:31 | Build | House |
| 22:48 | Create | Archer |
| 22:50 | Create | Villager (Male) |
| 22:58 | Build | Mining Camp |
| 23:18 | Create | Archer |
| 23:31 | Build | House |
| 23:32 | Build | House |
| 23:33 | Build | House |
| 23:34 | Build | House |
| 23:35 | Build | House |
| 23:37 | Build | House |
| 23:38 | Build | House |
| 23:39 | Build | House |
| 23:40 | Build | House |
| 23:53 | Create | Archer |
Build order — DS_Uruguayo
First 150 of 313 actions detected
| 0:02 | Create | Villager (Male) |
| 0:02 | Create | Villager (Male) |
| 0:02 | Build | House |
| 0:04 | Build | House |
| 0:24 | Create | Villager (Male) |
| 0:24 | Create | Villager (Male) |
| 1:37 | Create | Villager (Male) |
| 1:37 | Create | Villager (Male) |
| 1:45 | Build | Lumber Camp |
| 2:01 | Create | Villager (Male) |
| 2:17 | Create | Villager (Male) |
| 2:17 | Create | Villager (Male) |
| 2:50 | Create | Villager (Male) |
| 2:50 | Create | Villager (Male) |
| 3:18 | Create | Villager (Male) |
| 3:38 | Create | Villager (Male) |
| 3:38 | Create | Villager (Male) |
| 3:57 | Build | House |
| 4:19 | Create | Villager (Male) |
| 4:19 | Create | Villager (Male) |
| 4:19 | Create | Villager (Male) |
| 4:22 | Build | Mill |
| 5:07 | Create | Villager (Male) |
| 5:19 | Create | Villager (Male) |
| 5:40 | Create | Villager (Male) |
| 5:43 | Research | Loom |
| 6:55 | Research | Feudal Age |
| 6:55 | Research | Feudal Age |
| 7:51 | Create | Villager (Male) |
| 7:57 | Build | Barracks |
| 7:59 | Build | House |
| 8:18 | Create | Villager (Male) |
| 8:34 | Build | Palisade Wall |
| 9:05 | Age | Feudal Age |
| 9:07 | Build | Stable |
| 9:10 | Research | Double-Bit Axe |
| 9:13 | Research | Horse Collar |
| 9:13 | Research | Horse Collar |
| 9:13 | Research | Horse Collar |
| 9:15 | Create | Villager (Male) |
| 9:43 | Create | Villager (Male) |
| 9:50 | Build | House |
| 9:51 | Create | Scout Cavalry |
| 9:58 | Create | Villager (Male) |
| 10:03 | Build | Farm |
| 10:14 | Create | Villager (Male) |
| 10:16 | Build | Farm |
| 10:18 | Build | Farm |
| 10:19 | Create | Villager (Male) |
| 10:24 | Create | Scout Cavalry |
| 10:29 | Build | Farm |
| 10:48 | Create | Villager (Male) |
| 10:51 | Build | Farm |
| 10:56 | Build | Farm |
| 11:03 | Create | Scout Cavalry |
| 11:03 | Create | Scout Cavalry |
| 11:13 | Build | Farm |
| 11:21 | Build | Farm |
| 11:23 | Build | Farm |
| 11:27 | Create | Villager (Male) |
| 11:27 | Create | Villager (Male) |
| 11:42 | Build | Farm |
| 11:53 | Create | Villager (Male) |
| 11:53 | Create | Villager (Male) |
| 11:56 | Build | House |
| 11:58 | Build | House |
| 12:00 | Create | Villager (Male) |
| 12:01 | Create | Villager (Male) |
| 12:26 | Build | Farm |
| 12:27 | Create | Scout Cavalry |
| 12:27 | Create | Scout Cavalry |
| 12:33 | Create | Villager (Male) |
| 12:58 | Create | Scout Cavalry |
| 12:58 | Create | Scout Cavalry |
| 12:58 | Create | Villager (Male) |
| 13:14 | Build | Farm |
| 13:18 | Build | Farm |
| 13:37 | Create | Villager (Male) |
| 13:39 | Create | Scout Cavalry |
| 13:55 | Create | Villager (Male) |
| 13:58 | Build | Farm |
| 13:59 | Build | Farm |
| 14:01 | Create | Scout Cavalry |
| 14:08 | Create | Spearman |
| 14:11 | Build | Farm |
| 14:20 | Create | Villager (Male) |
| 14:23 | Build | Farm |
| 14:38 | Create | Scout Cavalry |
| 14:43 | Create | Villager (Male) |
| 14:57 | Build | Stable |
| 15:01 | Create | Villager (Male) |
| 15:24 | Build | House |
| 15:24 | Build | House |
| 15:34 | Create | Scout Cavalry |
| 15:34 | Create | Scout Cavalry |
| 15:34 | Create | Villager (Male) |
| 15:53 | Create | Scout Cavalry |
| 15:56 | Create | Scout Cavalry |
| 15:56 | Create | Scout Cavalry |
| 16:00 | Build | House |
| 16:01 | Build | House |
| 16:06 | Build | House |
| 16:07 | Build | House |
| 16:10 | Build | House |
| 16:12 | Build | House |
| 16:14 | Build | House |
| 16:17 | Create | Villager (Male) |
| 16:41 | Build | Blacksmith |
| 16:42 | Create | Scout Cavalry |
| 16:42 | Create | Scout Cavalry |
| 16:42 | Create | Villager (Male) |
| 16:44 | Create | Villager (Male) |
| 16:44 | Create | Villager (Male) |
| 17:19 | Create | Scout Cavalry |
| 17:19 | Create | Scout Cavalry |
| 17:20 | Create | Villager (Male) |
| 17:25 | Build | Farm |
| 17:32 | Build | House |
| 17:37 | Research | Scale Barding Armor |
| 17:38 | Research | Scale Barding Armor |
| 17:47 | Build | House |
| 17:49 | Build | House |
| 17:58 | Create | Scout Cavalry |
| 17:58 | Create | Scout Cavalry |
| 18:02 | Build | House |
| 18:02 | Build | House |
| 18:05 | Create | Villager (Male) |
| 18:05 | Create | Villager (Male) |
| 18:19 | Build | Farm |
| 18:25 | Create | Scout Cavalry |
| 18:25 | Create | Scout Cavalry |
| 18:34 | Build | Farm |
| 18:34 | Create | Villager (Male) |
| 18:49 | Create | Scout Cavalry |
| 18:50 | Create | Scout Cavalry |
| 19:04 | Build | Farm |
| 19:05 | Build | Farm |
| 19:07 | Build | Farm |
| 19:07 | Build | Farm |
| 19:10 | Create | Villager (Male) |
| 19:18 | Create | Spearman |
| 19:23 | Create | Villager (Male) |
| 19:25 | Build | House |
| 19:30 | Build | Farm |
| 19:32 | Build | Farm |
| 19:49 | Build | House |
| 19:58 | Build | Lumber Camp |
| 20:01 | Create | Scout Cavalry |
| 20:01 | Create | Scout Cavalry |
| 20:02 | Create | Villager (Male) |
Build order — _CH_topgunner
First 150 of 239 actions detected
| 0:00 | Create | Villager (Male) |
| 0:01 | Create | Villager (Male) |
| 0:01 | Create | Villager (Male) |
| 0:01 | Create | Villager (Male) |
| 0:02 | Build | House |
| 0:03 | Build | House |
| 1:26 | Create | Villager (Male) |
| 1:26 | Create | Villager (Male) |
| 1:47 | Build | Lumber Camp |
| 2:02 | Create | Villager (Male) |
| 2:02 | Create | Villager (Male) |
| 2:15 | Create | Villager (Male) |
| 2:45 | Create | Villager (Male) |
| 2:45 | Create | Villager (Male) |
| 3:03 | Create | Villager (Male) |
| 3:35 | Create | Villager (Male) |
| 3:49 | Build | House |
| 4:01 | Create | Villager (Male) |
| 4:16 | Build | Mill |
| 4:31 | Create | Villager (Male) |
| 4:46 | Create | Villager (Male) |
| 5:01 | Create | Villager (Male) |
| 5:45 | Create | Villager (Male) |
| 5:45 | Create | Villager (Male) |
| 5:54 | Create | Villager (Male) |
| 5:56 | Build | House |
| 6:04 | Research | Loom |
| 7:23 | Research | Feudal Age |
| 7:29 | Build | Mining Camp |
| 7:59 | Build | House |
| 8:02 | Build | Palisade Wall |
| 8:23 | Build | House |
| 9:23 | Create | Villager (Male) |
| 9:23 | Create | Villager (Male) |
| 9:25 | Build | Barracks |
| 9:33 | Age | Feudal Age |
| 9:36 | Research | Double-Bit Axe |
| 9:40 | Build | Blacksmith |
| 9:46 | Create | Villager (Male) |
| 10:01 | Create | Villager (Male) |
| 10:11 | Build | Archery Range |
| 10:17 | Build | House |
| 10:23 | Build | Palisade Wall |
| 10:24 | Create | Villager (Male) |
| 10:39 | Research | Fletching |
| 10:52 | Create | Archer |
| 10:52 | Create | Archer |
| 11:08 | Build | Palisade Wall |
| 11:09 | Create | Villager (Male) |
| 11:11 | Build | House |
| 11:14 | Create | Archer |
| 11:31 | Research | Horse Collar |
| 11:37 | Build | Farm |
| 11:42 | Create | Villager (Male) |
| 11:42 | Create | Villager (Male) |
| 11:43 | Create | Archer |
| 11:49 | Build | Farm |
| 11:54 | Build | Farm |
| 12:03 | Build | Palisade Wall |
| 12:14 | Create | Villager (Male) |
| 12:17 | Build | Farm |
| 12:36 | Build | Farm |
| 12:46 | Create | Villager (Male) |
| 12:46 | Create | Villager (Male) |
| 12:52 | Build | Farm |
| 12:58 | Create | Archer |
| 12:58 | Create | Archer |
| 12:58 | Create | Archer |
| 13:10 | Build | Farm |
| 13:26 | Create | Villager (Male) |
| 13:30 | Build | Farm |
| 13:31 | Create | Villager (Male) |
| 13:47 | Create | Villager (Male) |
| 13:51 | Build | House |
| 13:56 | Build | Archery Range |
| 14:00 | Create | Villager (Male) |
| 14:08 | Create | Archer |
| 14:09 | Create | Archer |
| 14:09 | Create | Archer |
| 14:38 | Create | Archer |
| 14:40 | Create | Villager (Male) |
| 14:40 | Create | Villager (Male) |
| 14:51 | Build | Farm |
| 14:52 | Build | Farm |
| 15:00 | Research | Padded Archer Armor |
| 15:04 | Build | House |
| 15:06 | Create | Archer |
| 15:09 | Create | Villager (Male) |
| 15:41 | Create | Villager (Male) |
| 15:46 | Build | Palisade Wall |
| 15:48 | Create | Villager (Male) |
| 15:54 | Create | Villager (Male) |
| 16:01 | Create | Villager (Male) |
| 16:17 | Create | Archer |
| 16:17 | Create | Archer |
| 16:31 | Create | Villager (Male) |
| 16:35 | Build | Lumber Camp |
| 16:58 | Create | Villager (Male) |
| 17:03 | Build | House |
| 17:06 | Build | Farm |
| 17:07 | Create | Villager (Male) |
| 17:23 | Build | Market |
| 17:26 | Build | Farm |
| 17:27 | Build | Farm |
| 17:29 | Build | Farm |
| 17:33 | Create | Villager (Male) |
| 17:37 | Create | Archer |
| 17:38 | Create | Archer |
| 17:38 | Create | Archer |
| 17:38 | Create | Archer |
| 17:46 | Build | House |
| 17:49 | Build | House |
| 17:53 | Build | Farm |
| 17:54 | Create | Villager (Male) |
| 18:24 | Build | Palisade Wall |
| 18:28 | Build | Farm |
| 18:32 | Build | Farm |
| 19:25 | Research | Castle Age |
| 19:51 | Create | Villager (Male) |
| 19:59 | Create | Villager (Male) |
| 20:02 | Create | Archer |
| 20:02 | Create | Archer |
| 20:25 | Create | Villager (Male) |
| 20:25 | Create | Villager (Male) |
| 20:28 | Create | Archer |
| 20:35 | Create | Archer |
| 20:35 | Create | Archer |
| 20:35 | Create | Archer |
| 20:45 | Create | Archer |
| 20:45 | Create | Archer |
| 20:45 | Create | Archer |
| 20:45 | Create | Archer |
| 21:41 | Create | Archer |
| 21:41 | Create | Archer |
| 21:41 | Create | Archer |
| 21:49 | Build | Lumber Camp |
| 22:03 | Create | Villager (Male) |
| 22:05 | Age | Castle Age |
| 22:12 | Research | Crossbowman (upgrade) |
| 22:18 | Research | Bodkin Arrow |
| 22:23 | Create | Archer |
| 22:26 | Create | Villager (Male) |
| 22:27 | Create | Villager (Male) |
| 22:32 | Research | Gold Mining |
| 22:33 | Research | Bow Saw |
| 22:35 | Research | Heavy Plow |
| 22:40 | Create | Archer |
| 22:58 | Create | Villager (Male) |
| 23:00 | Build | House |
| 23:00 | Build | House |
Match timeline
| 7:36 | _CH_MAC · first_building Barracks |
| 7:55 | Heeda · first_building Barracks |
| 7:57 | DS_Uruguayo · first_building Barracks |
| 8:02 | _CH_topgunner · wall_segment Palisade Wall x1 |
| 8:02 | Heeda · wall_segment Palisade Wall x1 |
| 8:06 | Altamar · first_building Barracks |
| 8:34 | DS_Uruguayo · wall_segment Palisade Wall x1 |
| 8:45 | gatoloco · first_building Barracks |
| 8:47 | Heeda · wall_segment Palisade Wall x12 |
| 9:05 | DS_Uruguayo · age_up feudal |
| 9:07 | DS_Uruguayo · first_building Stable |
| 9:11 | Altamar · age_up feudal |
| 9:16 | Altamar · first_building Stable |
| 9:17 | gatoloco · wall_segment Palisade Wall x1 |
| 9:18 | gatoloco · wall_segment Palisade Wall x1 |
| 9:19 | gatoloco · wall_segment Palisade Wall x1 |
| 9:23 | gatoloco · wall_segment Palisade Wall x1 |
| 9:25 | gatoloco · wall_segment Palisade Wall x2 |
| 9:25 | _CH_topgunner · first_building Barracks |
| 9:27 | gatoloco · wall_segment Palisade Wall x1 |
| 9:28 | gatoloco · wall_segment Palisade Wall x1 |
| 9:29 | gatoloco · wall_segment Palisade Wall x1 |
| 9:29 | Heeda · age_up feudal |
| 9:32 | Altamar · wall_segment Palisade Wall x8 |
| 9:33 | _CH_topgunner · age_up feudal |
| 9:36 | Heeda · first_building Archery Range |
| 9:40 | _CH_MAC · age_up feudal |
| 9:42 | _CH_MAC · first_building Archery Range |
| 10:11 | _CH_topgunner · first_building Archery Range |
| 10:23 | _CH_topgunner · wall_segment Palisade Wall x6 |
| 10:29 | gatoloco · wall_segment Palisade Wall x3 |
| 10:39 | gatoloco · wall_segment Palisade Wall x9 |
| 10:42 | gatoloco · age_up feudal |
| 10:49 | gatoloco · first_building Archery Range |
| 11:02 | Altamar · wall_segment Palisade Wall x13 |
| 11:08 | _CH_topgunner · wall_segment Palisade Wall x7 |
| 11:25 | Altamar · wall_segment Palisade Wall x5 |
| 11:26 | Altamar · wall_segment Palisade Wall x8 |
| 11:42 | _CH_MAC · wall_segment Palisade Wall x5 |
| 12:02 | Altamar · wall_segment Palisade Wall x6 |
| 12:03 | _CH_topgunner · wall_segment Palisade Wall x11 |
| 12:06 | Altamar · wall_segment Palisade Wall x21 |
| 12:09 | gatoloco · wall_segment Palisade Wall x11 |
| 12:53 | _CH_MAC · wall_segment Palisade Wall x8 |
| 12:56 | gatoloco · wall_segment Palisade Wall x1 |
| 12:58 | _CH_MAC · wall_segment Palisade Wall x13 |
| 12:59 | Altamar · wall_segment Palisade Wall x2 |
| 13:00 | Altamar · wall_segment Palisade Wall x6 |
| 13:05 | gatoloco · wall_segment Palisade Wall x1 |
| 13:39 | gatoloco · wall_segment Palisade Wall x10 |
| 14:42 | gatoloco · wall_segment Palisade Wall x1 |
| 14:58 | gatoloco · wall_segment Palisade Wall x1 |
| 15:28 | Heeda · wall_segment Palisade Wall x6 |
| 15:29 | gatoloco · wall_segment Palisade Wall x1 |
| 15:31 | gatoloco · wall_segment Palisade Wall x1 |
| 15:42 | gatoloco · wall_segment Palisade Wall x1 |
| 15:43 | gatoloco · wall_segment Palisade Wall x1 |
| 15:46 | gatoloco · wall_segment Palisade Wall x2 |
| 15:46 | _CH_topgunner · wall_segment Palisade Wall x9 |
| 16:15 | gatoloco · wall_segment Palisade Wall x1 |
| 16:17 | gatoloco · wall_segment Palisade Wall x3 |
| 18:04 | _CH_MAC · wall_segment Palisade Wall x7 |
| 18:15 | gatoloco · wall_segment Palisade Wall x8 |
| 18:24 | _CH_topgunner · wall_segment Palisade Wall x9 |
| 18:56 | _CH_topgunner · first_market_sell 100 wood |
| 19:02 | _CH_topgunner · first_market_buy 100 food |
| 19:56 | Altamar · wall_segment Palisade Wall x4 |
| 20:10 | gatoloco · wall_segment Palisade Wall x1 |
| 21:15 | DS_Uruguayo · wall_segment Palisade Wall x1 |
| 21:17 | DS_Uruguayo · wall_segment Palisade Wall x1 |
| 21:22 | Heeda · wall_segment Palisade Wall x6 |
| 21:28 | Heeda · wall_segment Palisade Wall x7 |
| 22:05 | _CH_topgunner · age_up castle |
| 22:11 | Altamar · age_up castle |
| 22:40 | gatoloco · wall_segment Palisade Wall x8 |
| 23:15 | Altamar · first_market_sell 100 food |
| 23:16 | Altamar · first_market_buy 100 wood |
| 23:27 | DS_Uruguayo · wall_segment Palisade Wall x4 |
| 23:28 | DS_Uruguayo · wall_segment Palisade Wall x13 |
| 23:31 | Altamar · wall_segment Palisade Wall x1 |
| 24:40 | _CH_MAC · age_up castle |
| 24:49 | Heeda · wall_segment Stone Wall x11 |
| 25:01 | Heeda · age_up castle |
| 25:45 | Heeda · first_building Monastery |
| 25:54 | gatoloco · age_up castle |
| 25:59 | _CH_topgunner · first_building Siege Workshop |
| 26:26 | Heeda · first_building Siege Workshop |
| 26:50 | gatoloco · first_building Siege Workshop |
| 27:05 | _CH_topgunner · first_building Castle |
| 28:17 | DS_Uruguayo · age_up castle |
| 28:48 | _CH_topgunner · wall_segment Stone Wall x5 |
| 29:19 | DS_Uruguayo · wall_segment Palisade Wall x1 |
| 29:20 | DS_Uruguayo · wall_segment Palisade Wall x1 |
| 29:58 | gatoloco · first_market_buy 100 wood |
| 30:03 | gatoloco · first_market_sell 100 food |
| 30:21 | _CH_MAC · first_market_sell 100 food |
| 30:22 | _CH_MAC · first_market_buy 100 wood |
| 30:25 | _CH_MAC · first_building Monastery |
| 31:04 | Heeda · wall_segment Stone Wall x1 |
| 31:08 | Heeda · wall_segment Stone Wall x1 |
| 32:46 | _CH_topgunner · first_building Monastery |
| 33:26 | Altamar · first_building Monastery |
| 33:47 | _CH_topgunner · age_up imperial |
| 34:03 | _CH_MAC · age_up imperial |
| 34:11 | DS_Uruguayo · resign |
[ AI ANALYSIS · 1 CREDIT ]
What really happened in this match?
Wolo.gg analyzes every decision: build order, eco, micro, common mistakes by bracket. Personalized analysis on WhatsApp or Discord in 30 seconds.
Civ guide
Franks
Perfil
Altamar